 Dungeon Crawl Stone Soup version 0.15.2 (webtiles) character file.

1859 Amnesiac the Martial Artist (level 8, -12/60 HPs)
             Began as a Mummy Monk on Sept 5, 2018.
             Killed by divine providence
             ... invoked by an orc priest
              (15 damage)
             ... on Level 6 of the Dungeon.
             The game lasted 00:17:52 (14581 turns).

Amnesiac the Martial Artist (Mummy Monk)           Turns: 14581, Time: 00:17:52

HP -12/60        AC  1     Str 18      XL: 8   Next: 89%
MP   8/8         EV 15     Int  9      God:
Gold 288         SH  0     Dex 16      Spells:  0 memorised,  7 levels left

rFire  x . .     SeeInvis .       - Unarmed
rCold  + . .     Clarity  .     (no armour)
rNeg   + + +     rCorr    .     (no shield)
rPois  +         rRot     +     g - +0 helmet
rElec  .         Spirit   .     (no cloak)
SustAb .         Warding  .     (no gloves)
rMut   .         Stasis   .     (no boots)
Gourm  .                        (no amulet)
MR     +....                    d - +2 ring of strength
                                j - +2 ring of strength

@: somewhat resistant to hostile enchantments, unstealthy
A: no food or potions, fire vulnerability, restore body, cold resistance 1,
negative energy resistance 3, poison resistance, torment resistance, unbreathing
a: no special abilities


You were on level 6 of the Dungeon.
You were not hungry.

You visited 1 branch of the dungeon, and saw 7 of its levels.

You collected 288 gold pieces.

Inventory:

Hand weapons
 k - a -1 hunting sling (quivered)
Armour
 g - a +0 helmet (worn)
Scrolls
 b - 3 scrolls of magic mapping
 c - 4 scrolls of remove curse
 e - a scroll of random uselessness
 f - a scroll of immolation
 h - 5 scrolls of amnesia
 i - 2 scrolls of blinking
 m - a scroll of holy word
Jewellery
 a - an uncursed ring of magical power
 d - a +2 ring of strength (right hand)
 j - a +2 ring of strength (left hand)


   Skills:
 + Level 4.2 Fighting
 - Level 5.0 Dodging
 - Level 1.5 Stealth
 - Level 9.0 Unarmed Combat


You had 7 spell levels left.
You didn't know any spells.

Dungeon Overview and Level Annotations

Branches:
Dungeon (7/15)             Temple (0/1) D:5

Altars:
Cheibriados
Nemelex Xobeh
Sif Muna

Annotations:
D:4 Edmund
D:6 exclusion: centaur


Innate Abilities, Weirdness & Mutations

You do not eat or drink.
Your flesh is vulnerable to fire.
Your flesh is cold resistant.
You are immune to negative energy.
Your system is resistant to poisons.
You are immune to unholy pain and torment.
You can survive without breathing.


Message History

The orc priest invokes the aid of Beogh against you.
Something smites you! The kobold closely misses you.
You closely miss the orc priest.
The orc priest is moderately wounded.
The orc priest mumbles some strange prayers to Beogh against you.
Something smites you!
* * * LOW HITPOINT WARNING * * *
You are too injured to fight recklessly!
You are too injured to fight recklessly!
You are too injured to fight recklessly!
You hit the orc priest. Your punch misses the orc priest.
The orc priest is heavily wounded.
The kobold misses you. The orc priest closely misses you.
You closely miss the orc priest.
The orc priest is heavily wounded.
The kobold hits you.
* * * LOW HITPOINT WARNING * * *
The orc priest calls down the wrath of Beogh upon you.
Something smites you!
You die...

##### ..# #...# #.#
##.#.. #.# ...K. #.#
#..# #.# #..###### #.#
#.# #.)...Ko# #.# #.#
#..####@# ######.# #.#
#..# #.# ....##.# #)#
#..# #.# .##.##.# #.#
#..####.###.##.##.# #.#
#...........##.##.## #.#
#..........###.#...###..
#######.##..)...........
#....#####...#####
####.# ##.##


You could see an orc priest and a kobold.

Vanquished Creatures
  A water moccasin (D:5)
  An ice beast (D:5)
  2 centaurs (D:5)
  A big kobold (D:4)
  An ogre (D:5)
  Duvessa (D:5)
  A giant frog (D:4)
  2 scorpions
  3 wights (D:6)
  Dowan (D:5)
  A centaur zombie (D:6)
  2 crimson imps
  4 orc priests
  3 hounds
  An iguana (D:6)
  6 orc wizards
  4 worker ants
  Ijyb (D:2)
  Terence (D:2)
  6 gnolls
  A scorpion zombie (D:5)
  8 adders
  2 giant mites
  5 worms
  An adder skeleton (D:5)
  14 giant geckos
  2 oozes
  21 orcs
  15 bats
  A bat skeleton (D:6)
  7 giant cockroaches
  15 hobgoblins
  15 kobolds
  5 quokkas
  2 ball pythons
  7 giant newts
  16 goblins
  A goblin skeleton (D:5)
  A hobgoblin zombie (D:5)
  9 jackals
  A kobold skeleton (D:4)
  A quokka skeleton (D:4)
  A quokka zombie (D:5)
  14 rats
208 creatures vanquished.

Notes
Turn   | Place    | Note
--------------------------------------------------------------
     0 | D:1      | Amnesiac, the Mummy Monk, began the quest for the Orb.
     0 | D:1      | Reached XP level 1. HP: 18/18 MP: 1/1
   316 | D:1      | You fall through a shaft!
   456 | D:1      | Reached XP level 2. HP: 17/24 MP: 2/2
  1281 | D:1      | Reached skill level 4 in Unarmed Combat
  1452 | D:1      | Reached XP level 3. HP: 29/29 MP: 3/3
  1934 | D:2      | Noticed Ijyb
  2367 | D:2      | Reached XP level 4. HP: 12/35 MP: 4/4
  2824 | D:2      | Found a deep blue altar of Sif Muna.
  2892 | D:2      | Killed Ijyb
  3478 | D:3      | Noticed Terence
  3508 | D:2      | HP: 1/35 [Terence/trident (7)]
  4697 | D:4      | Reached XP level 5. HP: 37/41 MP: 5/5
  4826 | D:4      | Noticed a big kobold
  4857 | D:4      | Killed a big kobold
  5081 | D:4      | Reached skill level 5 in Unarmed Combat
  5440 | D:4      | Reached XP level 6. HP: 35/47 MP: 6/6
  5812 | D:2      | Killed Terence
  6180 | D:2      | Found a deep blue altar of Sif Muna.
  6924 | D:2      | Found a deep blue altar of Sif Muna.
  7457 | D:4      | Reached skill level 6 in Unarmed Combat
  7973 | D:4      | Got a twisted ring mail
  7979 | D:4      | Identified the cursed -1 ring mail of Xusurphiu {+Rage +Inv rN+ Curse} (You found it on level 4 of the Dungeon)
  7992 | D:5      | Entered Level 5 of the Dungeon
  8148 | D:4      | Reached XP level 7. HP: 45/52 MP: 7/7
  9083 | D:5      | Reached skill level 7 in Unarmed Combat
  9329 | D:5      | Found a sparkling altar of Nemelex Xobeh.
  9366 | D:5      | Noticed Edmund
 11166 | D:5      | Reached skill level 5 in Dodging
 11190 | D:5      | Reached XP level 8. HP: 39/58 MP: 8/8
 11291 | D:5      | Noticed a water moccasin
 11305 | D:5      | Killed a water moccasin
 11602 | D:5      | Found a snail-covered altar of Cheibriados.
 11808 | D:5      | Reached skill level 8 in Unarmed Combat
 11936 | D:5      | Noticed Duvessa
 11936 | D:5      | Noticed Dowan
 12658 | D:5      | Found a staircase to the Ecumenical Temple.
 13386 | D:5      | Killed Duvessa
 13599 | D:5      | Killed Dowan
 13830 | D:5      | Reached skill level 9 in Unarmed Combat
 14581 | D:6      | HP: 3/60 [kobold (2)]
 14581 | D:6      | Killed from afar by an orc priest

Action                   |  1- 3 |  4- 6 |  7- 9 || total
-------------------------+-------+-------+-------++-------
Melee: Unarmed           |   194 |   372 |   450 ||  1016
  Use: Scroll            |       |    10 |     5 ||    15
 Stab: Sleeping          |     3 |     5 |     2 ||    10
       Distracted        |       |     1 |     1 ||     2
